 Dungeon Crawl Stone Soup version 0.23-a0-666-g28d4f2f0af (webtiles) character file.

4414 Notair the Cleaver (level 10, -11/88 HPs)
             Began as a Minotaur Gladiator on Jan 8, 2019.
             Was a Priest of Okawaru.
             Mangled by a two-headed ogre
             ... wielding a +0 giant club
              (20 damage)
             ... on level 8 of the Dungeon.
             The game lasted 00:29:21 (9284 turns).

Notair the Cleaver (Minotaur Gladiator)             Turns: 9284, Time: 00:29:21

Health: -11/88     AC: 11    Str: 19    XL:     10   Next: 14%
Magic:  0/9        EV: 17    Int:  8    God:    Okawaru [***...]
Gold:   218        SH:  0    Dex: 12    Spells: 8/9 levels left

rFire    . . .     SeeInvis .   a - +1 war axe
rCold    . . .     Gourm    .   (no shield)
rNeg     + . .     Faith    .   j - +0 scale mail
rPois    .         Spirit   +   c - +0 hat
rElec    .         Reflect  .   (no cloak)
rCorr    .         Harm     .   H - +2 pair of gloves {archery}
MR       .....                  (no boots)
Stlth    ..........             v - amulet of guardian spirit
HPRegen  0.24/turn              m - ring of positive energy
MPRegen  0.11/turn              p - +3 ring of evasion

@: lethally poisoned (-11 -> -15)
A: retaliatory headbutt, horns 2
a: Heroism, Renounce Religion


You were on level 8 of the Dungeon.
You worshipped Okawaru.
Okawaru was most pleased with you.
You were not hungry.

You visited 2 branches of the dungeon, and saw 9 of its levels.

You collected 435 gold pieces.
You spent 217 gold pieces at shops.

Inventory:

Hand Weapons
 a - a +1 war axe (weapon)
 q - a +0 hunting sling
 L - a +0 battleaxe
 P - a +0 hand crossbow
Missiles
 d - 2 throwing nets (quivered)
 k - 263 stones
 u - 48 bolts
 O - 31 sling bullets
Armour
 b - a +0 leather armour
 c - a +0 hat (worn)
 j - a +0 scale mail (worn)
 H - a +2 pair of gloves of archery (worn)
Jewellery
 m - a ring of positive energy (left hand)
 p - a +3 ring of evasion (right hand)
 v - an amulet of guardian spirit (around neck)
 K - an uncursed ring of ice {unknown}
 M - the ring of the Present {-Tele rPois Str+3 Stlth-}
   (You took it off a death knight on level 7 of the Dungeon)

   [ring of attention]

   It affects your strength (+3).
   It protects you from poison.
   It prevents most forms of teleportation.
   It makes you less stealthy.
Wands
 i - a wand of flame (15)
 t - a wand of random effects (13)
 x - a wand of iceblast (7)
 E - a wand of paralysis (9)
Scrolls
 g - 4 scrolls of teleportation
 l - 3 scrolls of amnesia
 o - 3 scrolls of enchant weapon
 r - 6 scrolls of remove curse
 w - a scroll of identify
 y - a scroll of immolation {unknown}
 z - a scroll of noise {unknown}
 A - a scroll of fog
 C - a scroll of vulnerability {unknown}
 D - 3 scrolls of magic mapping {unknown}
 N - a scroll of random uselessness {unknown}
Potions
 e - 6 potions of curing
 h - 2 potions of lignification
 n - a potion of haste
 s - 3 potions of agility
 B - a potion of invisibility
 F - a potion of cancellation
 G - a potion of might
 I - a potion of heal wounds
 J - a potion of ambrosia
Comestibles
 f - 17 rations


   Skills:
 + Level 8.2 Fighting
 * Level 11.6 Axes
 - Level 2.0 Throwing
 + Level 7.8 Armour
 + Level 8.1 Dodging


You had 8 spell levels left.
You knew the following spells:

 Your Spells              Type           Power        Failure   Level  Hunger
a - Animate Skeleton      Necr           N/A          75%         1    ##.....

Your spell library contained the following spells:

 Spells                   Type           Power        Failure   Level  Hunger
 Apportation              Tloc           #.....       75%         1    ##.....
 Confusing Touch          Hex            #.....       75%         1    ##.....
 Corona                   Hex            #......      75%         1    ##.....
 Sting                    Conj/Pois      #...         75%         1    ##.....
 Summon Small Mammal      Summ           #...         75%         1    ##.....
 Ensorcelled Hibernation  Hex/Ice        #.....       86%         2    ###....
 Confuse                  Hex            #.......     98%         3    ####...
 Dazzling Spray           Conj/Hex       #.....       98%         3    ####...
 Mephitic Cloud           Conj/Pois/Air  #.......     98%         3    ####...
 Regeneration             Chrm/Necr      #.........   98%         3    ####...
 Tukima's Dance           Hex            #.......     98%         3    ####...
 Summon Lightning Spire   Summ/Air       #.......     100%        4    #####..
 Borgnjor's Vile Clutch   Necr/Erth      #.........   100%        5    ######.
 Silence                  Hex/Air        #.........   100%        5    ######.
 Conjure Ball Lightning   Conj/Air       #.........   100%        6    #######
 Deflect Missiles         Chrm/Air       #.........   100%        6    #######
 Tornado                  Air            #.........   100%        9    #######


Dungeon Overview and Level Annotations

Branches:
Dungeon (8/15)             Temple (1/1) D:4
   Lair: D:8-11

Altars:
Ashenzari
Cheibriados
Dithmenos
Elyvilon
Gozag
Hepliaklqana
Kikubaaqudgha
Makhleb
Okawaru
Ru
Sif Muna
Trog
Wu Jian
Xom
Yredelemnul
Zin
The Shining One
Beogh

Shops:
D:6 ([


Innate Abilities, Weirdness & Mutations

You reflexively headbutt those who attack you in melee.
You have a pair of horns on your head.


Message History

You feel sick.
You hit the two-headed ogre.
The two-headed ogre is heavily wounded.
You feel sick. The two-headed ogre closely misses you.
The two-headed ogre completely misses you.
You hit the two-headed ogre but do no damage.
The two-headed ogre is heavily wounded.
You feel like a meek peon again.
You feel sick.
The two-headed ogre barely misses you. x2
You hit the two-headed ogre but do no damage.
The two-headed ogre is heavily wounded.
You feel sick. The two-headed ogre barely misses you.
The two-headed ogre hits you with a +0 giant spiked club!!
* * * LOW HITPOINT WARNING * * *
You slash the two-headed ogre!
The two-headed ogre is severely wounded.
You feel yourself speed up.
You feel sick.
The two-headed ogre hits you with a +0 giant club!!
You die...

...... ###...#J. #........
#.#.O.#.. #........
#.############ ####
#......#..<..# .#....
####O#####...##...^..
##...@#...#...#.......
#.....#...÷.....#$....
###......÷......>.#....
#...###..............#
#.................#..#
#.....##....÷........#
###...##.............##
#......##.............##
##.......##.........[...#.


You could see a two-headed ogre.

Vanquished Creatures
  A death knight (D:7)
  2 hornets (D:8)
  A hippogriff (D:8)
  A yak (D:7)
  A wyvern (D:7)
  A wraith (D:7)
  A hungry ghost (D:7)
  Edmund (D:4)
  A water moccasin (D:6)
  A sky beast (D:7)
  An ice beast (D:7)
  A phantom (D:3)
  An orc warrior (D:7)
  A necrophage (D:6)
  An ogre (D:7)
  A big kobold (D:7)
  4 bullfrogs
  A gnoll sergeant (D:6)
  5 scorpions
  A killer bee (D:7)
  3 howler monkeys
  A crimson imp (D:7)
  A bullfrog zombie (D:6)
  2 hounds
  3 jellies
  3 orc priests
  A centaur skeleton (D:7)
  Ijyb (D:4)
  3 iguanas
  6 orc wizards
  6 worker ants
  A hound skeleton (D:5)
  Robin (D:3)
  6 gnolls
  9 adders
  3 shadow imps
  7 worms
  3 dart slugs
  5 leopard geckos
  22 orcs
  3 giant cockroaches
  16 goblins
  11 hobgoblins
  20 jackals
  10 kobolds
  4 quokkas
  A ball python (D:1)
  6 bats
  8 frilled lizards
  A giant cockroach zombie (D:5)
  2 quokka skeletons (D:5)
  7 rats
  A spectral orc (D:3)
205 creatures vanquished.

Notes
Turn   | Place    | Note
-------+----------+-------------------------------------------
     0 | D:1      | Notair the Minotaur Gladiator began the quest for the Orb.
     0 | D:1      | Reached XP level 1. HP: 18/18 MP: 0/0
    59 | D:1      | Reached XP level 2. HP: 19/25 MP: 1/1
    81 | D:1      | Reached skill level 4 in Axes
   194 | D:1      | Reached skill level 1 in Armour
   432 | D:1      | Reached XP level 3. HP: 30/30 MP: 2/2
  1365 | D:2      | Reached XP level 4. HP: 38/38 MP: 3/3
  1614 | D:3      | Found a shimmering altar of Xom.
  1626 | D:3      | Found a faded altar of an unknown god.
  1837 | D:3      | Noticed Robin
  1896 | D:3      | Reached skill level 5 in Axes
  1949 | D:3      | Killed Robin
  1949 | D:3      | Reached XP level 5. HP: 11/45 MP: 4/4
  2285 | D:3      | Found a white marble altar of Elyvilon.
  2286 | D:3      | Noticed a phantom
  2297 | D:3      | Killed a phantom
  2739 | D:3      | Found an opulent altar of Gozag.
  2765 | D:3      | Found a roughly hewn altar of Beogh.
  2768 | D:3      | Reached XP level 6. HP: 43/52 MP: 5/5
  2778 | D:3      | Reached skill level 6 in Axes
  2995 | D:3      | Found a basalt altar of Yredelemnul.
  3352 | D:4      | Noticed Ijyb
  3369 | D:4      | Killed Ijyb
  3386 | D:4      | Found a staircase to the Ecumenical Temple.
  3394 | Temple   | Entered the Ecumenical Temple
  3582 | Temple   | Became a worshipper of Warmaster Okawaru
  4159 | D:4      | Reached skill level 5 in Dodging
  4159 | D:4      | Reached XP level 7. HP: 60/60 MP: 6/6
  4369 | D:4      | Noticed Edmund
  4379 | D:4      | Killed Edmund
  4379 | D:4      | Reached skill level 7 in Axes
  4463 | D:4      | You fall through a shaft for 2 floors!
  4463 | D:6      | Found a hazy altar of Hepliaklqana.
  4488 | D:7      | Reached * piety under Okawaru
  4614 | D:7      | Reached skill level 5 in Fighting
  4704 | D:7      | Noticed a hungry ghost
  4736 | D:7      | Reached XP level 8. HP: 40/68 MP: 4/7
  4739 | D:7      | Reached skill level 8 in Axes
  5004 | D:7      | Reached skill level 5 in Armour
  5035 | D:7      | Reached ** piety under Okawaru
  5673 | D:6      | Reached skill level 9 in Axes
  5700 | D:6      | Found Estoh's Antique Weapon Shoppe.
  5904 | D:6      | Found an ornate altar of the Wu Jian Council.
  5910 | D:6      | Learned a level 1 spell: Animate Skeleton
  5988 | D:5      | Entered Level 5 of the Dungeon
  6414 | D:4      | Reached XP level 9. HP: 73/73 MP: 8/8
  6922 | D:6      | Found Limigua's Antique Armour Shoppe.
  6999 | D:6      | Bought a pair of embroidered gloves for 217 gold pieces
  7194 | D:6      | Found a burning altar of Makhleb.
  7578 | D:7      | Reached skill level 10 in Axes
  7840 | D:7      | Reached *** piety under Okawaru
  7960 | D:7      | Identified the +4 double sword "Sarcophage" {flame, +Fly
                  | rElec Int-2 Dex+8}
  7960 | D:7      | Identified the ring of the Present {-Tele rPois Str+3
                  | Stlth-}
  7960 | D:7      | Noticed a death knight
  7971 | D:7      | Identified the +8 double sword of Grandeur {holy, *Contam
                  | rPois Dex+5 Stlth+}
  8546 | D:7      | Found a glowing golden altar of the Shining One.
  8651 | D:7      | Identified the Volume of Evil Rites and Toxins
  8878 | D:7      | Killed a death knight
  8878 | D:7      | Reached skill level 11 in Axes
  9001 | D:8      | Reached XP level 10. HP: 55/88 MP: 5/9
  9265 | D:8      | Noticed a two-headed ogre
  9284 | D:8      | Mangled by a two-headed ogre

Vault maps used:
D:1:      sevenhm_arrival_forest_fort_small_6, minmay_pentomino_w2
D:3:      xom_butterflies, nicolae_overflow_crystal_walls,
          yredelemnul_forgotten_temple_becter, grunt_gozag_breadcrumbs,
          chequers_ecumenical_altar_simple_redux, first_ration,
          kennysheep_orc_chapel, uniq_robin
D:4:      minmay_door_path, minmay_temple_entry_large_hall, uniq_ijyb,
          uniq_edmund
D:5:      grunt_ministairs_6
D:6:      nicolae_overflow_hidden_temple, kennysheep_mini, serial_shops,
          nicolae_shop_competitors_out_of_business, nicolae_shop_stone,
          makhleb_heckhound_becter
D:7:      minmay_the_grid_triangle_9x9_recursive_2, lemuel_doored_altar,
          the_bakery, minivault_1
D:8:      lemuel_coloured_pillars_altar, fedhas_altar_1, lemuel_round_altar,
          overflow_temple_1_default, kennysheep_mini_moat, special_room,
          uniq_harold
Temple:   jpeg_temple_alley_garden

Skill      XL: |  1  2  3  4  5  6  7  8  9 10 |
---------------+-------------------------------+-----
Axes           | 4 5 6 7 9 11 | 11.6
Armour         | 1 2 3 4 6 7 |  7.8
Fighting       | 3 4 5 6 8 |  8.2
Dodging        | 4 5 6 7 8 |  8.1
Throwing       | |  2.0

Action                   |  1- 3 |  4- 6 |  7- 9 | 10-12 || total
-------------------------+-------+-------+-------+-------++-------
Melee: War axe           |    73 |   170 |   334 |    19 ||   596
       Headbutt          |    20 |    21 |    58 |     2 ||   101
       Battleaxe         |       |       |    14 |       ||    14
       Punch             |       |       |     1 |       ||     1
Throw: Throwing net      |       |       |     3 |       ||     3
 Cast: Animate Skeleton  |       |       |     1 |       ||     1
Invok: Heroism           |       |       |     5 |     1 ||     6
  Use: Scroll            |       |       |    18 |       ||    18
       Potion            |       |       |     1 |       ||     1
 Stab: Distracted        |       |       |     1 |       ||     1
  Eat: Chunk             |     1 |     9 |    15 |     1 ||    26
       Ration            |       |       |     1 |       ||     1
Armor: Leather armour    |     5 |       |       |       ||     5
       Scale mail        |    13 |    63 |   102 |     3 ||   181
Dodge: Dodged            |    44 |   105 |   205 |    20 ||   374

Table legend:
 A = Non-vault XP
 B = Vault XP
 C = Vault XP percentage of total XP
 D = Non-vault monster count
 E = Vault monster count
 F = Vault count percentage of total count
                 A         B        C        D         E       F
            +---------+---------+-------+---------+---------+-------
      Total |    4159 |    2147 |  34.0 |     164 |      41 |  20.0
            +---------+---------+-------+---------+---------+-------
        D:1 |      38 |       5 |  11.6 |      23 |       2 |   8.0
        D:2 |      57 |       0 |   0.0 |      22 |       0 |   0.0
        D:3 |     249 |     127 |  33.8 |      27 |      18 |  40.0
        D:4 |     252 |     237 |  48.5 |      21 |       4 |  16.0
        D:5 |     123 |      11 |   8.2 |       9 |       1 |  10.0
        D:6 |     932 |      45 |   4.6 |      25 |       2 |   7.4
        D:7 |    1601 |    1722 |  51.8 |      31 |      14 |  31.1
        D:8 |     907 |       0 |   0.0 |       6 |       0 |   0.0
            +---------+---------+-------+---------+---------+-------
